 Dungeon Sprint DCSS version 0.18.1-1-g2f07953 (webtiles) character file.

54 pipel the Nimble (level 7, -2/112 HPs)
             Began as a Deep Dwarf Berserker on May 7, 2016.
             Was an Elder of Trog.
             Slain by a basilisk (4 damage)
             ... in the Dungeon (Sprint VI: "Thunderdome").
             The game lasted 00:04:37 (365 turns).

pipel the Nimble (Deep Dwarf Berserker)              Turns: 365, Time: 00:04:37

Health: -2/112     AC:  2    Str: 29    XL:     7   Next: 37%
Magic:  7/7        EV:  2    Int:  6    God:    Trog [****..]
Gold:   100        SH:  0    Dex: 10    Spells: 0 memorised, 6 levels left

rFire  . . .     SeeInvis .     a - +0 hand axe
rCold  + . .     Gourm    +     b - +0 animal skin
rNeg   + + +     Faith    .     (no shield)
rPois  ∞         Spirit   .     (no helmet)
rElec  .         Dismiss  .     (no cloak)
rCorr  .         Reflect  .     (no gloves)
SustAt .         Harm     .     (no boots)
MR     +....     NoTele   +     r - amulet "Yzasucem" {Gourm rN+}
Stlth  ..........               p - ring "Hipteox" {rC+ Str+2 Dex-2} (curse)
                                o - ring of Fecy {rN+ Int-2} (curse)

@: berserking (expiring), lethally poisoned (-2 -> -2), petrified,
non-regenerating, somewhat resistant to hostile enchantments, extremely
unstealthy
A: damage resistance, recharge devices, sense surroundings 1, slow regeneration
3
a: Device Recharging, Berserk, Trog's Hand, Brothers in Arms, Burn Spellbooks,
Renounce Religion


You were in the Dungeon.
You worshipped Trog.
Trog was greatly pleased with you.
You were not hungry.

You visited 1 branch You collected 280 gold pieces.
You spent 180 gold pieces at shops.

Inventory:

Hand Weapons
 a - a +0 hand axe (weapon)
Armour
 b - a +0 animal skin (worn)
Jewellery
 o - the cursed ring of Fecy (left hand) {rN+ Int-2}
   (You bought it in a shop in the Dungeon)

   [ring of intelligence]

   It affects your intelligence (-2).
   It protects you from negative energy.
   It has a curse placed upon it.
 p - the cursed ring "Hipteox" (right hand) {rC+ Str+2 Dex-2}
   (You bought it in a shop in the Dungeon)

   [ring of dexterity]

   It affects your strength (+2).
   It affects your dexterity (-2).
   It protects you from cold.
   It has a curse placed upon it.
 q - the amulet "Zeih" {Dismiss +Inv rF+}
   (You bought it in a shop in the Dungeon)

   [amulet of dismissal]

   It may teleport away creatures that harm you.
   It protects you from fire.
   It lets you turn invisible.
 r - the amulet "Yzasucem" (around neck) {Gourm rN+}
   (You bought it in a shop in the Dungeon)

   [amulet of the gourmand]

   It allows you to eat raw meat even when not hungry.
   It protects you from negative energy.
Wands
 c - a wand of heal wounds (5/9)
 l - a wand of acid (3/15)
 m - a wand of iceblast (3/15)
Scrolls
 j - 4 scrolls of blinking
 n - 3 scrolls of fog
Potions
 e - a potion of curing
 f - a potion of heal wounds
 g - 4 potions of haste
 h - 2 potions of magic
 i - a potion of berserk rage
 k - a potion of resistance
Comestibles
 d - a bread ration


   Skills:
 + Level 8.7 Fighting
 + Level 10.2 Axes
 + Level 5.1 Armour
 + Level 10.2 Dodging
 + Level 1.0 Evocations


You had 6 spell levels left.
You didn't know any spells.

Dungeon Overview and Level Annotations

Branches:
Dungeon (1/1)

Altars:
Cheibriados
Dithmenos
Fedhas
Gozag
Kikubaaqudgha
Makhleb
Okawaru
Pakellas
Qazlal
Ru
Sif Muna
Trog
Vehumet
Xom
Yredelemnul
Zin
The Shining One
Jiyva
Lugonu

Shops:
D *[%??*?*:[((!!!!


Innate Abilities, Weirdness & Mutations

You are resistant to damage.
You can recharge devices by infusing magical energy.
You passively map a small area around you.
You do not regenerate naturally.


Message History

You slash the basilisk!
The basilisk is heavily wounded.
You hit the basilisk.
The basilisk is heavily wounded.
The basilisk bites you!
* * * LOW HITPOINT WARNING * * *
Your limbs are stiffening.
You take 5 damage, and have 2/112 hp.
Unknown command.
You hit the basilisk.
The basilisk is severely wounded.
The basilisk hisses menacingly.
The basilisk gazes at you.
You easily resist.
You slash the basilisk!
The basilisk is almost dead.
The basilisk gazes at you.
You easily resist.
You have turned to stone.
The basilisk bites you!
You die...

##∩.....∩## #∩.......∩#
#_......._# #_.l....._#
#_......._#
###.........###
#⌠......[....⌠#
######.8.........8.#
##∩_@l......###......
###∩...†....8.# #.8....
##.............###......
#⌠..........###...###...
#⌠..........# #.<.# #...
#⌠..........###...###...
##.............###†.....
###∩........8.# #.8....
##∩_._......###......


You could see a basilisk.

Vanquished Creatures
  A water moccasin (D)
  2 porcupines (D)
  2 necrophages (D)
  2 crocodiles (D)
  A wight (D)
  A sheep (D)
  An adder zombie (D)
  A bat skeleton (D)
  3 quokkas (D)
  A quokka zombie (D)
  A rat (D)
16 creatures vanquished.

Notes
Turn   | Place    | Note
--------------------------------------------------------------
     0 | D        | pipel the Deep Dwarf Berserker began the quest for the Orb.
     0 | D        | Reached XP level 1. HP: 20/20 MP: 1/1
     1 | D        | Found a burning altar of Makhleb.
     1 | D        | Found an oddly glowing altar of Pakellas.
     2 | D        | Found a deep blue altar of Sif Muna.
     3 | D        | Found a blossoming altar of Fedhas.
     3 | D        | Found a snail-covered altar of Cheibriados.
     4 | D        | Found Gab Itun's Identification Station.
     4 | D        | Found a shadowy altar of Dithmenos.
     4 | D        | Found Lidwijisk's Bee Food.
     5 | D        | Found Cishrimee's Advanced Armour.
     5 | D        | Found Reanapn's Jewellery.
     5 | D        | Round 1.
     8 | D        | Found a shimmering altar of Xom.
    14 | D        | Bought a slimy copper ring for 45 gold pieces
    14 | D        | Bought a shimmering glass ring for 45 gold pieces
    14 | D        | Bought a translucent lead amulet for 45 gold pieces
    16 | D        | Identified the cursed ring of Fecy {rN+ Int-2} (You bought it in a shop in the Dungeon)
    17 | D        | Identified the cursed ring "Hipteox" {rC+ Str+2 Dex-2} (You bought it in a shop in the Dungeon)
    18 | D        | Identified the amulet "Zeih" {Dismiss +Inv rF+} (You bought it in a shop in the Dungeon)
    20 | D        | Bought a vibrating pewter amulet for 45 gold pieces
    20 | D        | Identified the amulet "Yzasucem" {Gourm rN+} (You bought it in a shop in the Dungeon)
    29 | D        | Found Myahiot's Premium Goods.
    29 | D        | Found Fanwua's Miscellaneous Merchandise.
    30 | D        | Found Ciwofin's Basic Armour.
    31 | D        | Found a stormy altar of Qazlal.
    31 | D        | Found an ancient bone altar of Kikubaaqudgha.
    31 | D        | Found a basalt altar of Yredelemnul.
    31 | D        | Found Sesoofej's Weapon Rack.
    36 | D        | Found a corrupted altar of Lugonu.
    37 | D        | Found a bloodstained altar of Trog.
    80 | D        | Found an opulent altar of Gozag.
    80 | D        | Found a glowing silver altar of Zin.
    80 | D        | Found Plog's Magic Scroll Shop.
    80 | D        | Found Nockus's Magic Scroll Shop.
    81 | D        | Found Duonufom's Must-Have Magic.
    88 | D        | Reached ** piety under Trog
    89 | D        | Found an iron altar of Okawaru.
    89 | D        | Found a viscous altar of Jiyva.
    89 | D        | Found a glowing golden altar of the Shining One.
    89 | D        | Found Agarph's Staff Store.
   106 | D        | Found a radiant altar of Vehumet.
   108 | D        | Found Obezatakh's Distillery.
   108 | D        | Found Yraezowy's Distillery.
   109 | D        | Found Ulosenk's Bottled Wisdom.
   129 | D        | Found Wemiaf's Do-It-Yourself Clinic.
   129 | D        | Found a sacrificial altar of Ru.
   139 | D        | Noticed a porcupine
   147 | D        | Killed a porcupine
   147 | D        | Arena points: 12 (+12) [x2]
   147 | D        | Reached skill level 5 in Fighting
   147 | D        | Reached skill level 5 in Dodging
   147 | D        | Reached XP level 2. HP: 7/32 MP: 2/2
   147 | D        | Reached XP level 3. HP: 9/39 MP: 3/3
   147 | D        | Reached XP level 4. HP: 10/46 MP: 4/4
   183 | D        | Round 2.
   187 | D        | Noticed a necrophage
   201 | D        | Noticed a necrophage
   209 | D        | Reached XP level 5. HP: 37/55 MP: 5/5
   216 | D        | Killed a necrophage
   235 | D        | Killed a necrophage
   235 | D        | Arena points: 54 (+42) [x3]
   235 | D        | Reached XP level 6. HP: 31/66 MP: 6/6
   247 | D        | Round 3.
   258 | D        | Noticed a porcupine
   290 | D        | Killed a porcupine
   295 | D        | Reached *** piety under Trog
   307 | D        | Reached skill level 5 in Armour
   307 | D        | Reached XP level 7. HP: 64/75 MP: 7/7
   344 | D        | Noticed a basilisk
   357 | D        | Reached **** piety under Trog
   357 | D        | Reached skill level 10 in Axes
   357 | D        | Reached skill level 10 in Dodging
   357 | D        | Reached skill level 1 in Evocations
   362 | D        | HP: 2/112 [basilisk (5)]
   365 | D        | Slain by a basilisk

Skill      XL: |  1  2  3  4  5  6  7 |
---------------+----------------------+-----
Fighting       | 5 6 7 8 |  8.7
Axes           | 6 7 8 9 10 | 10.2
Armour         | 3 4 5 |  5.1
Dodging        | 5 8 9 10 | 10.2
Evocations     | 1 |  1.0

Action                   |  1- 3 |  4- 6 |  7- 9 || total
-------------------------+-------+-------+-------++-------
Melee: Hand axe          |    29 |    34 |    14 ||    77
Invok: Berserk           |     1 |     2 |     1 ||     4
       Trog's Hand       |       |     1 |       ||     1
Evoke: Wand              |       |     3 |     1 ||     4
  Use: Potion            |       |     3 |       ||     3
  Eat: Chunk             |     1 |     2 |     4 ||     7
Armor: Animal skin       |     4 |     4 |     4 ||    12
Dodge: Dodged            |    19 |    23 |     9 ||    51
